 Dungeon Crawl Stone Soup version 0.22-a0-995-g3b949e0 (webtiles) character file.

350 Charun the Skirmisher (level 6, -4/53 HPs)
             Began as an Abomination Fighter on May 26, 2020.
             Slain by a worker ant (5 damage)
             ... on level 5 of the Dungeon.
             The game lasted 00:07:43 (2801 turns).

Charun the Skirmisher (Abomination Fighter)         Turns: 2801, Time: 00:07:45

Health: -4/53      AC:  7    Str: 21    XL:     6   Next: 92%
Magic:  1/7        EV:  7    Int:  5    God:
Gold:   141        SH:  0    Dex:  8    Spells: 5/5 levels left

rFire    x x .     SeeInvis .   a - +0 war axe
rCold    . . .     Gourm    .   c - +0 shield
rNeg     . . .     Faith    .   b - +0 scale mail
rPois    .         Spirit   .   (no helmet)
rElec    .         Reflect  .   (no cloak)
rCorr    .         Harm     .   (gloves unavailable)
MR       .....                  (no boots)
Stlth    ..........             (no amulet)
HPRegen  0.57/turn              (ring unavailable)
MPRegen  0.10/turn              (ring unavailable)

@: confused, lethally poisoned (-4 -> -11)
A: tentacle arms, two strong arms, no magic resistence, amphibious, 8 rings,
regeneration 1, heat vulnerability 2
a: Evoke Flight


You were on level 5 of the Dungeon.
You were not hungry.
You have taken no pledge.
You visited 1 branch of the dungeon, and saw 5 of its levels.

You collected 141 gold pieces.

Inventory:

Hand Weapons
 a - a +0 war axe (weapon)
 n - a +0 hunting sling
Missiles
 g - 34 sling bullets
 t - 7 javelins (quivered)
Armour
 b - a +0 scale mail (worn)
 c - a +0 shield (worn)
Jewellery
 l - a ring of flight (left tentacle)
Wands
 r - a wand of random effects (40)
Scrolls
 e - 6 scrolls of identify {unknown}
 i - a scroll of amnesia {unknown}
 k - 2 scrolls of teleportation {unknown}
 p - a scroll of remove curse {unknown}
 q - 2 scrolls of magic mapping {unknown}
 s - a scroll of fear {unknown}
 u - a scroll of enchant armour {unknown}
Potions
 d - a potion of might
 j - a potion of heal wounds {unknown}
 m - 2 potions of mutation {unknown}
 o - 2 potions of lignification {unknown}
Comestibles
 f - 5 rations
 h - a chunk of flesh


   Skills:
 + Level 4.3 Fighting
 + Level 3.3 Axes
 + Level 4.1 Armour
 + Level 3.9 Shields


You had 5 spell levels left.
You didn't know any spells.
Your spell library was empty.

Dungeon Overview and Level Annotations

Branches:
Dungeon (5/15)
 Temple: D:4-7

Altars:
Vehumet
Zin


Innate Abilities, Weirdness & Mutations

You have a mass of tentacles for a left arm.
You have two strong right arms.
Your body has no innate resistence to magic.
You have gills and webbed feet.
You can wear up to eight rings at the same time.
Your natural rate of healing is unusually fast.
You are very vulnerable to heat. (rF--)


Message History

You feel sick. The worker ant bites you.
* * * LOW HITPOINT WARNING * * *
You are lethally poisoned!
The worker ant poisons you!
The orc wizard mumbles some strange words.
The orc wizard flickers and vanishes!
Deactivating autopickup; reactivate with Ctrl-A.
The orc hits you with an antimagic trident.
* * * LOW HITPOINT WARNING * * *
* * * LOW HITPOINT WARNING * * *
You feel sick.
The worker ant bites you but does no damage.
There is a stone staircase leading up here.
* * * LOW HITPOINT WARNING * * *
You feel sick.
The orc hits you with an antimagic trident.
* * * LOW HITPOINT WARNING * * *
You feel your power leaking away. The worker ant bites you.
You die...

. .. ..#.#
# .#.# ##
.# ...
.###.##
#.##......
#...[...#
#.......#
#.......###
#.o@.......
#.a.....###
#.......#
#.......#
#########


You could see a worker ant and an orc.

Vanquished Creatures
  An orc wizard (D:3)
  2 iguanas
  Jessica (D:3)
  A worker ant (D:4)
  4 adders
  8 gnolls
  2 worms
  2 dart slugs
  3 leopard geckos
  6 orcs
  9 bats
  3 giant cockroaches
  7 goblins
  5 hobgoblins
  14 jackals
  A quokka (D:4)
  A ball python (D:1)
  3 frilled lizards
  7 kobolds
  A leopard gecko skeleton (D:4)
  11 rats
92 creatures vanquished.

Vanquished Creatures (others)
  An adder skeleton (D:4)
1 creature vanquished.

Grand Total: 93 creatures vanquished

Notes
Turn   | Place    | Note
-------+----------+-------------------------------------------
     0 | D:1      | Charun the Abomination Fighter began the quest for the Orb.
     0 | D:1      | Reached XP level 1. HP: 19/19 MP: 2/2
   135 | D:1      | Reached XP level 2. HP: 21/26 MP: 3/3
   291 | D:1      | Reached XP level 3. HP: 31/31 MP: 4/4
   530 | D:2      | Found a glowing silver altar of Zin.
   667 | D:2      | Reached XP level 4. HP: 31/38 MP: 5/5
  1138 | D:3      | Reached XP level 5. HP: 45/45 MP: 5/6
  1208 | D:3      | Noticed Jessica
  1215 | D:3      | Killed Jessica
  1478 | D:3      | Reached XP level 6. HP: 52/52 MP: 7/7
  2117 | D:4      | Found a radiant altar of Vehumet.
  2786 | D:5      | Entered Level 5 of the Dungeon
  2801 | D:5      | HP: 1/53 [orc/antimagic trident (5)]
  2801 | D:5      | Slain by a worker ant

Vault maps used:
D:1:      minmay_arrival_nine_rooms, grunt_decor_mini_mirrors
D:2:      wad_pebble_path, overflow_temple_1_default
D:3:      uniq_jessica
D:4:      fiery_altar_vehumet, nicolae_overflow_hidden_temple
D:5:      corexii_shack_village, grunt_temple_overflow_growth_and_decay,
          nemelex_xobeh_ov_fountains_minmay, first_ration

Skill      XL: |  1  2  3  4  5  6 |
---------------+-------------------+-----
Axes           | 2 3 |  3.3
Armour         | 3 4 |  4.1
Shields        | 3 |  3.9
Fighting       | 4 |  4.3

Action                   |  1- 3 |  4- 6 || total
-------------------------+-------+-------++-------
Melee: War axe           |    97 |   170 ||   267
       Tentacles         |    11 |    22 ||    33
  Eat: Chunk             |       |     7 ||     7
Armor: Scale mail        |    85 |    86 ||   171
Dodge: Dodged            |    49 |    71 ||   120
Block: Shield            |    64 |    85 ||   149

Table legend:
 A = Spawn XP
 B = Non-spawn XP
 C = Spawn XP percentage of total XP
 D = Spawn monster count
 E = Non-spawn monster count
 F = Spawn count percentage of total count
 G = Total turns spent on level
                    A         B        C        D         E        F      G
               +---------+---------+-------+---------+---------+-------+---------
         Total |       0 |     500 |   0.0 |       0 |      92 |   0.0 |  2801
               +---------+---------+-------+---------+---------+-------+---------
           D:1 |       0 |      38 |   0.0 |       0 |      25 |   0.0 |   471
           D:2 |       0 |     100 |   0.0 |       0 |      27 |   0.0 |   658
           D:3 |       0 |     241 |   0.0 |       0 |      23 |   0.0 |   785
           D:4 |       0 |     118 |   0.0 |       0 |      16 |   0.0 |   872
           D:5 |       0 |       3 |   0.0 |       0 |       1 |   0.0 |    15
               +---------+---------+-------+---------+---------+-------+---------
